 Dungeon Crawl Stone Soup version 0.19-a0-47-g1fa3c7d (webtiles) character file.

341 Eucla the Slasher (level 6, 0/53 HPs)
             Began as a Demigod Fighter on May 6, 2016.
             Succumbed to a scorpion's poison
             ... on level 4 of the Dungeon.
             The game lasted 00:03:46 (2937 turns).

Eucla the Slasher (Demigod Fighter)                 Turns: 2937, Time: 00:03:46

Health: 0/53       AC:  7    Str: 19    XL:     6   Next: 8%
Magic:  8/8        EV:  7    Int: 12    God:
Gold:   171        SH:  9    Dex: 19    Spells: 0 memorised, 5 levels left

rFire  + . .     SeeInvis .     a - +1 long sword
rCold  + . .     Gourm    .     b - +0 scale mail
rNeg   + . .     Faith    .     c - +0 shield
rPois  +         Spirit   .     s - +0 helmet
rElec  +         Dismiss  .     (no cloak)
rCorr  +         Reflect  .     (no gloves)
SustAt +         Harm     .     (no boots)
MR     .....                    (no amulet)
Stlth  ..........               A - ring of positive energy
                                n - ring of wizardry

@: lethally poisoned (0 -> -9), resistant, not resistant to hostile
enchantments, extremely unstealthy
A: high mp 1, sustain attributes
a: no special abilities


You were on level 4 of the Dungeon.
You were not hungry.

You visited 1 branch of the dungeon, and saw 4 of its levels.

You collected 171 gold pieces.

Inventory:

Hand Weapons
 a - a +1 long sword (weapon)
 m - a +1 whip of venom
 r - a -1 falchion
 t - a +0 blowgun
Missiles
 j - 18 poisoned needles
 w - a throwing net (quivered)
 x - 4 tomahawks
Armour
 b - a +0 scale mail (worn)
 c - a +0 shield (worn)
 s - a +0 helmet (worn)
Jewellery
 n - a ring of wizardry (left hand)
 A - a ring of positive energy (right hand)
Scrolls
 e - 2 scrolls of enchant weapon
 g - a scroll of magic mapping
 k - 8 scrolls of identify {unknown}
 l - a scroll of fear
 o - a scroll of remove curse
 p - a scroll of teleportation {unknown}
 v - 2 scrolls of random uselessness {unknown}
 y - a scroll of noise {unknown}
Potions
 d - 2 potions of might
 i - a potion of lignification
 q - a potion of agility
Comestibles
 f - 2 bread rations
 h - a beef jerky


   Skills:
 + Level 4.4 Fighting
 * Level 5.0 Long Blades
 - Level 2.6 Armour
 - Level 2.6 Shields


You had 5 spell levels left.
You didn't know any spells.

Dungeon Overview and Level Annotations

Branches:
Dungeon (4/15)             Temple (0/1) D:4

Annotations:
D:4 Blork the orc


Innate Abilities, Weirdness & Mutations

You have an increased reservoir of magic (+10% MP).
Your attributes are resistant to harm.


Message History

You feel sick.
Blork the orc comes into view.
He is wielding a scimitar.
* * * LOW HITPOINT WARNING * * *
You feel sick.
Blork the orc shouts!
* * * LOW HITPOINT WARNING * * *
You feel sick.
You see here 19 arrows.
* * * LOW HITPOINT WARNING * * *
You feel sick.
Blork the orc looks braver for a moment.
* * * LOW HITPOINT WARNING * * *
You feel sick.
Unknown command.
Your shield and scale mail prevent you from hitting Blork the orc.
* * * LOW HITPOINT WARNING * * *
You feel sick. Blork the orc completely misses you.
Unknown command.
You closely miss Blork the orc.
You die...

#.# #.#.# #.#.# #.#.#
#.#.## #....##
######..o..#####
........@......# #.#
####......###.# #. #.#
#..(..## ##.##.# #..#.##
...##.# #..###
##.##.#######..# #
.......#.......#######.#
##.##..#.##.......≈≈≈..#
.........##.#.##†≈≈§§≈..


You could see Blork the orc.

Vanquished Creatures
  A scorpion (D:4)
  A water moccasin skeleton (D:4)
  A giant frog skeleton (D:4)
  An orc wizard (D:4)
  A worker ant (D:4)
  Robin (D:2)
  4 gnolls (D:3)
  2 adders (D:3)
  An ooze (D:1)
  3 worms
  3 dart slugs
  4 giant geckos
  5 orcs
  11 bats
  5 giant cockroaches
  15 goblins
  3 hobgoblins
  7 kobolds
  2 quokkas
  A ball python (D:2)
  A giant newt (D:1)
  9 rats
82 creatures vanquished.

Vanquished Creatures (others)
  5 toadstools (D:1)
5 creatures vanquished.

Grand Total: 87 creatures vanquished

Notes
Turn   | Place    | Note
--------------------------------------------------------------
     0 | D:1      | Eucla the Demigod Fighter began the quest for the Orb.
     0 | D:1      | Reached XP level 1. HP: 18/18 MP: 3/3
    36 | D:1      | Reached skill level 2 in Long Blades
   186 | D:1      | Reached XP level 2. HP: 22/25 MP: 4/4
   470 | D:1      | Reached XP level 3. HP: 25/31 MP: 5/5
   871 | D:2      | Reached skill level 3 in Long Blades
  1078 | D:2      | Noticed Robin
  1089 | D:2      | Killed Robin
  1487 | D:2      | Reached XP level 4. HP: 37/38 MP: 6/6
  2141 | D:3      | Found a burning altar of Makhleb.
  2413 | D:3      | Reached skill level 4 in Long Blades
  2413 | D:3      | Reached XP level 5. HP: 46/46 MP: 7/7
  2566 | D:4      | HP: 2/46 [worker ant (2)]
  2903 | D:4      | Found a staircase to the Ecumenical Temple.
  2903 | D:4      | Found a sparkling altar of Nemelex Xobeh.
  2926 | D:4      | Reached skill level 5 in Long Blades
  2926 | D:4      | Reached XP level 6. HP: 16/53 MP: 8/8
  2932 | D:4      | Noticed Blork the orc
  2934 | D:4      | HP: 2/53 [poisoned by a scorpion]
  2937 | D:4      | Succumbed to a scorpion's poison

Vault maps used:
D:1:      ldierk_walled_garden
D:2:      hangedman_decor_points, uniq_robin
D:3:      overflow_temple_1_default
D:4:      nemelex_deck, minmay_temple_entry_mist, uniq_blork_the_orc

Skill      XL: |  1  2  3  4  5 |
---------------+----------------+-----
Long Blades    | 2 3 4 5 |  5.0
Fighting       | 3 4 |  4.4
Armour         | |  2.6
Shields        | |  2.6

Action                   |  1- 3 |  4- 6 || total
-------------------------+-------+-------++-------
Melee: Long sword        |   176 |   134 ||   310
  Use: Scroll            |     5 |       ||     5
       Potion            |       |     4 ||     4
 Stab: Distracted        |     1 |       ||     1
  Eat: Chunk             |     2 |     5 ||     7
Armor: Scale mail        |    85 |    36 ||   121
       Skin              |       |     3 ||     3
Dodge: Dodged            |    57 |    44 ||   101
Block: Shield            |   101 |    62 ||   163
